 Dungeon Crawl Stone Soup version 0.19.1-1-g22dce08 (webtiles) character file.

2109 dngmouse the Cleaver (level 9, -2/64 HPs)
             Began as a Hill Orc Fire Elementalist on Jan 11, 2017.
             Was an Initiate of Okawaru.
             Slain by a sky beast (5 damage)
             ... on level 8 of the Dungeon.
             The game lasted 00:52:25 (10823 turns).

dngmouse the Cleaver (Hill Orc Fire Elementalist)  Turns: 10823, Time: 00:52:25

Health: -2/64      AC: 11    Str: 19    XL:     9   Next: 28%
Magic:  15/15      EV: 11    Int: 15    God:    Okawaru [......]
Gold:   459        SH:  0    Dex:  9    Spells: 2 memorised, 12 levels left

rFire  + . .     SeeInvis .     a - +1 hand axe
rCold  . . .     Gourm    .     D - +3 ring mail {rPois}
rNeg   . . .     Faith    .     (no shield)
rPois  +         Spirit   .     (no helmet)
rElec  .         Reflect  .     i - +0 cloak
rCorr  .         Harm     .     (no gloves)
MR     .....     Rnd*Rage +     w - +0 pair of boots
Stlth  +......... Rnd*Tele +    (no amulet)
                                s - ring of wizardry
                                A - ring of protection from fire

@: mighty
A: berserk 1, clumsy 1, frail 1, screaming 1, teleportitis 1
a: Renounce Religion


You were on level 8 of the Dungeon.
You worshipped Okawaru.
Okawaru was noncommittal.
You were very hungry.

You visited 2 branches of the dungeon, and saw 9 of its levels.

You collected 459 gold pieces.

Inventory:

Hand Weapons
 a - a +1 hand axe (weapon)
 C - a cursed +0 quarterstaff
 E - a +0 flail of protection
Missiles
 d - 2 throwing nets
 k - 224 stones (quivered)
Armour
 i - a +0 cloak (worn)
 l - a +0 shield
 w - a +0 pair of boots (worn)
 x - a +0 ring mail of cold resistance
 D - a +3 ring mail of poison resistance (worn)
Jewellery
 g - an uncursed ring of ice
 j - an uncursed ring of flight
 s - a ring of wizardry (right hand)
 A - a ring of protection from fire (left hand)
Wands
 t - a wand of random effects (24/48)
Scrolls
 m - a scroll of fog
 n - a scroll of remove curse
 o - 5 scrolls of identify
 p - a scroll of blinking
 r - a scroll of random uselessness
 u - a scroll of enchant weapon
 y - a scroll of magic mapping
Potions
 f - 2 potions of beneficial mutation
 h - a potion of resistance
 v - a potion of curing
Books
 b - a book of Flames

   Spells                             Type                      Level
   a - Flame Tongue                   Conjuration/Fire             1
   b - Throw Flame                    Conjuration/Fire             2
   c - Conjure Flame                  Conjuration/Fire             3
   d - Inner Flame                    Hexes/Fire                   3
   e - Sticky Flame                   Conjuration/Fire             4
   f - Fireball                       Conjuration/Fire             5
 e - a book of Conjurations

   Spells                             Type                      Level
   a - Magic Dart                     Conjuration                  1
   b - Searing Ray                    Conjuration                  2
   c - Dazzling Spray                 Conjuration/Hexes            3
   d - Fulminant Prism                Conjuration/Hexes            4
   e - Iskenderun's Mystic Blast      Conjuration                  4
   f - Iskenderun's Battlesphere      Conjuration/Charms           5
Comestibles
 c - 5 bread rations
 q - a meat ration
 z - a fruit
 F - a slice of pizza


   Skills:
 - Level 4.3 Fighting
 + Level 8.8 Axes
 - Level 4.1 Armour
 - Level 1.5 Dodging
 - Level 1.5 Stealth
 * Level 4.3 Spellcasting
 - Level 3.0 Conjurations
 - Level 6.6 Fire Magic


You had 12 spell levels left.
You knew the following spells:

 Your Spells              Type           Power        Failure   Level  Hunger
a - Flame Tongue          Conj/Fire      ###..        2%          1    None
b - Conjure Flame         Conj/Fire      ###.....     6%          3    ###....


Dungeon Overview and Level Annotations

Branches:
Dungeon (8/15)             Temple (1/1) D:7
   Lair: D:8-11

Altars:
Ashenzari
Cheibriados
Dithmenos
Elyvilon
Fedhas
Gozag
Hepliaklqana
Kikubaaqudgha
Makhleb
Nemelex Xobeh
Okawaru
Qazlal
Ru
Sif Muna
Trog
Uskayaw
Vehumet
Xom
Yredelemnul
Zin
The Shining One

Shops:
D:7 :

Annotations:
D:3 Sigmund


Innate Abilities, Weirdness & Mutations

You tend to lose your temper in combat.
You are clumsy. (Dex -2)
You are frail. (-10% HP)
You occasionally shout uncontrollably at your foes.
You are occasionally teleported next to monsters.


Message History

You miss something. Something completely misses you.
You hit something but do no damage. Something hits you.
* * * LOW HITPOINT WARNING * * *
Something shocks you.
* * * LOW HITPOINT WARNING * * *
You miss something. Something hits you but does no damage.
You miss something. Something hits you but does no damage.
You miss something. Something hits you.
* * * LOW HITPOINT WARNING * * *
Something shocks you.
* * * LOW HITPOINT WARNING * * *
You barely miss something. Something hits you but does no damage.
You feel very mighty all of a sudden. Something hits you but does no damage.
You closely miss something. Something hits you but does no damage.
You slash something! You barely miss something. Something hits you.
* * * LOW HITPOINT WARNING * * *
Something shocks you.
You die...

######.#### .##
....##.######.#
.................
.............#..#
...####.#(####
....###.#.()#
.....#.###.##
...##.....#))##
.......@#.....#
......†{####....>.
........# ###....#
........# #####
........#
...?.....
........#
.........


There were no monsters in sight!

Vanquished Creatures
  Prince Ribbit (D:6)
  Eustachio (D:6)
  Menkaure (D:5)
  A sky beast (D:7)
  A black bear (D:8)
  An ogre (D:5)
  A phantom (D:5)
  3 centaurs
  A big kobold (D:8)
  A bullfrog (D:7)
  A scorpion (D:7)
  A howler monkey (D:6)
  A centaur zombie (D:5)
  A crimson imp (D:7)
  5 orc wizards
  A jelly (D:8)
  Crazy Yiuf (D:6)
  2 bullfrog skeletons (D:6)
  Jessica (D:3)
  Terence (D:3)
  3 iguanas
  4 worker ants
  A howler monkey zombie (D:5)
  A worker ant zombie (D:6)
  4 gnolls (D:4)
  5 adders
  2 shadow imps
  4 oozes
  2 adder zombies
  An adder skeleton (D:7)
  2 worms (D:2)
  2 dart slugs
  4 leopard geckos
  16 orcs
  2 ball pythons
  7 giant cockroaches
  14 goblins
  13 hobgoblins
  17 jackals
  6 quokkas
  7 bats
  6 frilled lizards
  A jackal skeleton (D:4)
  8 kobolds
  2 leopard gecko skeletons
  26 rats
  A fungus (D:6)
188 creatures vanquished.

Notes
Turn   | Place    | Note
-------+----------+-------------------------------------------
     0 | D:1      | dngmouse the Hill Orc Fire Elementalist began the quest for the Orb.
     0 | D:1      | Reached XP level 1. HP: 14/14 MP: 3/3
   185 | D:1      | Reached XP level 2. HP: 20/20 MP: 2/4
   774 | D:1      | Reached XP level 3. HP: 26/26 MP: 3/5
  1218 | D:2      | Learned a level 3 spell: Conjure Flame
  1397 | D:2      | Reached skill level 5 in Fire Magic
  1651 | D:2      | Reached XP level 4. HP: 29/33 MP: 1/6
  1803 | D:2      | Found a shadowy altar of Dithmenos.
  2639 | D:3      | Noticed Jessica
  2645 | D:3      | Killed Jessica
  2714 | D:3      | Reached XP level 5. HP: 38/38 MP: 5/7
  3075 | D:3      | Noticed Sigmund
  3440 | D:3      | Noticed Terence
  3627 | D:3      | Gained mutation: Your skin changes colour to match your surroundings (Stealth+). [potion of beneficial mutation]
  3630 | D:3      | Lost mutation: Your skin changes colour to match your surroundings (Stealth+). [potion of cure mutation]
  3821 | D:3      | Killed Terence
  3821 | D:3      | Reached skill level 1 in Axes
  3821 | D:3      | Reached XP level 6. HP: 46/46 MP: 0/8
  4778 | D:4      | Reached skill level 1 in Fighting
  5002 | D:4      | Found a radiant altar of Vehumet.
  5191 | D:4      | Reached skill level 1 in Armour
  5220 | D:4      | Reached skill level 2 in Axes
  6022 | D:5      | Entered Level 5 of the Dungeon
  6167 | D:5      | Noticed a phantom
  6224 | D:5      | Noticed Menkaure
  6628 | D:5      | Killed a phantom
  6628 | D:5      | Reached skill level 3 in Axes
  6628 | D:5      | Reached XP level 7. HP: 17/55 MP: 0/9
  6774 | D:5      | Killed Menkaure
  6774 | D:5      | Reached skill level 4 in Axes
  7629 | D:5      | Reached skill level 5 in Axes
  7873 | D:6      | Reached XP level 8. HP: 63/63 MP: 2/10
  8070 | D:6      | Gained mutation: You are occasionally teleported next to monsters. [potion of mutation]
  8070 | D:6      | Gained mutation: You are clumsy. (Dex -2) [potion of mutation]
  8200 | D:6      | Found a hazy altar of Hepliaklqana.
  8370 | D:6      | Found a faded altar of an unknown god.
  8370 | D:6      | Found a white marble altar of Elyvilon.
  8375 | D:6      | Found a faded altar of an unknown god.
  8377 | D:6      | Found a faded altar of an unknown god.
  8378 | D:6      | Found a faded altar of an unknown god.
  8429 | D:6      | Noticed Prince Ribbit
  8429 | D:6      | Reached skill level 6 in Axes
  8477 | D:6      | HP: 2/64 [Prince Ribbit (11)]
  8985 | D:6      | Found a glowing silver altar of Zin.
  8995 | D:6      | Killed Prince Ribbit
  9165 | D:6      | Noticed Eustachio
  9194 | D:5      | Reached skill level 7 in Axes
  9337 | D:6      | Killed Eustachio
  9455 | D:6      | Found a sparkling altar of Nemelex Xobeh.
  9456 | D:6      | Found a snail-covered altar of Cheibriados.
  9604 | D:6      | Found a runed door.
  9608 | D:6      | Noticed Crazy Yiuf
  9615 | D:6      | Killed Crazy Yiuf
  9751 | D:7      | Gained mutation: You tend to lose your temper in combat. [potion of mutation]
  9751 | D:7      | Gained mutation: You occasionally shout uncontrollably at your foes. [potion of mutation]
  9751 | D:7      | Gained mutation: You are frail. (-10% HP) [potion of mutation]
  9793 | D:7      | Reached skill level 8 in Axes
  9863 | D:7      | Found a staircase to the Ecumenical Temple.
  9867 | Temple   | Entered the Ecumenical Temple
  9934 | Temple   | Became a worshipper of Warmaster Okawaru
  9962 | D:7      | Found Ydiyntop's Book Emporium.
 10011 | D:7      | Reached XP level 9. HP: 20/64 MP: 12/14
 10823 | D:8      | HP: 3/64 [something (3)]
 10823 | D:8      | Slain by a sky beast

Skill      XL: |  1  2  3  4  5  6  7  8  9 |
---------------+----------------------------+-----
Fire Magic     | 4 5 6 |  6.6
Axes           | 1 3 5 8 |  8.8
Conjurations   | 2 3 |  3.0
Fighting       | 2 3 4 |  4.3
Armour         | 1 3 4 |  4.1
Spellcasting   | 3 4 |  4.3
Dodging        | |  1.5
Stealth        | |  1.5

Action                   |  1- 3 |  4- 6 |  7- 9 || total
-------------------------+-------+-------+-------++-------
Melee: Unarmed           |     1 |       |       ||     1
       Club              |     5 |    30 |       ||    35
       Hand axe          |       |   131 |   304 ||   435
Throw: Stone             |     3 |    49 |    21 ||    73
 Cast: Flame Tongue      |    74 |   171 |    92 ||   337
       Conjure Flame     |       |     5 |     5 ||    10
  Use: Potion            |       |     7 |     6 ||    13
       Scroll            |       |     5 |     7 ||    12
 Stab: Sleeping          |     1 |       |       ||     1
  Eat: Chunk             |     4 |    15 |     9 ||    28
       Pizza             |       |     2 |       ||     2
       Royal jelly       |       |     1 |       ||     1
       Meat ration       |       |       |     1 ||     1
       Fruit             |       |       |     3 ||     3
Armor: Robe              |    13 |    15 |       ||    28
       Ring mail         |       |    60 |   189 ||   249
Dodge: Dodged            |    34 |   130 |   177 ||   341
